 Dungeon Crawl Stone Soup version 0.25-a0-566-g062765b (webtiles) character file.

Game seed: 17665328664857462891, levelgen mode: deterministic

200638 Faels the Carver (level 17, -3/151 HPs)
             Began as a Demonspawn Fighter on Feb 23, 2020.
             Was the Champion of Okawaru.
             Killed from afar by an acid blob (5 damage)
             ... with a splash of acid
             ... created by the Royal Jelly
             ... on level 5 of the Pits of Slime on Feb 27, 2020.
             The game lasted 02:46:55 (42204 turns).

Faels the Carver (Demonspawn Fighter)              Turns: 42204, Time: 02:46:55

Health: -3/151     AC:  7    Str: 20    XL:     17   Next: 88%
Magic:  17/21      EV: 22    Int:  6    God:    Okawaru [******]
Gold:   1346       SH: 16    Dex: 25    Spells: 16/16 levels left

rFire    + . .     SeeInvis +   a - +8 arc blade {discharge, rElec}
rCold    + . .     Gourm    .   c - +3 kite shield
rNeg     + + .     Faith    .   R - +4 ring mail of Mynnerea {rElec rCorr Slay+3}
rPois    +         Spirit   .   (helmet unavailable)
rElec    +         Reflect  .   S - +2 ratskin cloak {+Rats rPois rN+ Str-1 Int-1 Dex+1}
rCorr    +         Harm     .   N - +0 pair of gloves "Deexoass" {Dex+3}
MR       +....                  (no boots)
Stlth    +.........             t - amulet of rage
HPRegen  0.00/turn              x - ring of protection from fire
MPRegen  0.17/turn              A - ring "Pawen" {+Inv rC+ rN+ Dex+3 Stlth-}

@: corroded, berserk cooldown, very slightly contaminated, hasted and slowed
A: antennae 3, molten scales 2, camouflage 1, blink, dopey 1, low mp 1, sense
surroundings 1, robust 1, inhibited regeneration, spiny 2, strong 1
}: 1/15 runes: serpentine
a: Blink, Heroism, Finesse, Renounce Religion, Evoke Ratskin, Evoke Berserk
Rage, Evoke Invisibility


You were on level 5 of the Pits of Slime.
You worshipped Okawaru.
Okawaru was exalted by your worship.
You were not hungry.

You visited 7 branches of the dungeon, and saw 34 of its levels.
You also visited: Ossuary.

You collected 3680 gold pieces.
You spent 2334 gold pieces at shops.

Inventory:

Hand Weapons
 a - the +8 arc blade (weapon) {discharge, rElec}
   (Okawaru gifted it to you on level 11 of the Dungeon)

   It insulates you from electricity.
 b - a +6 double sword of protection
 B - the +9 falchion "Qusucroc" {drain, rF+}
   (You found it on level 6 of the Lair of Beasts)

   A truly terrible weapon, it drains the life of those it strikes.
   It protects you from fire.
Missiles
 u - 20 javelins (quivered)
 P - 96 poisoned darts
Armour
 c - a +3 kite shield (worn)
 N - the +0 pair of gloves "Deexoass" (worn) {Dex+3}
   (You bought it in a shop on level 6 of the Dungeon)

   It affects your dexterity (+3).
   If you remove this armour, your AC will decrease by 2 (7 -> 5).
 R - the +4 ring mail of Mynnerea (worn) {rElec rCorr Slay+3}
   (You found it on level 3 of the Snake Pit)

   It affects your accuracy and damage with ranged weapons and melee attacks
   (+3).
   It insulates you from electricity.
   It provides partial protection from all sources of acid and corrosion.
   If you remove this armour, your AC will decrease by 11 (7 -> -4).
 S - the +2 ratskin cloak (worn) {+Rats rPois rN+ Str-1 Int-1 Dex+1}
   (You found it on level 7 of the Dungeon)

   It affects your strength (-1).
   It affects your intelligence (-1).
   It affects your dexterity (+1).
   It protects you from poison.
   It protects you from negative energy.
   If you remove this armour, your AC will decrease by 4 (7 -> 3).
Jewellery
 g - an uncursed amulet of guardian spirit
 k - an uncursed ring of protection from cold
 l - an uncursed ring of fire
 s - an uncursed ring of protection from magic
 t - an amulet of rage (around neck)
 x - a ring of protection from fire (left hand)
 z - an uncursed ring of protection from magic
 A - the ring "Pawen" (right hand) {+Inv rC+ rN+ Dex+3 Stlth-}
   (You bought it in a shop on level 10 of the Dungeon)

   [ring of protection from cold]

   It affects your dexterity (+3).
   It protects you from cold.
   It protects you from negative energy.
   It lets you turn invisible.
   It makes you less stealthy.
 D - an uncursed ring of flight
Wands
 j - a wand of enslavement (14)
 m - a wand of flame (82)
 q - a wand of disintegration (26)
 C - a wand of digging (19)
 F - a wand of clouds (8)
 I - a wand of paralysis (52)
 T - a wand of polymorph (13)
 V - a wand of iceblast (3)
Scrolls
 d - 6 scrolls of fog
 y - 2 scrolls of identify
 E - 7 scrolls of magic mapping
 G - 9 scrolls of remove curse
 M - 4 scrolls of teleportation
Potions
 e - 2 potions of magic
 h - 4 potions of haste
 i - 5 potions of stabbing
 p - 6 potions of curing
 v - 3 potions of cancellation
 H - 3 potions of ambrosia
 J - a potion of lignification
 O - 3 potions of resistance
 Q - a potion of flight
 X - 2 potions of might
Miscellaneous
 n - a lightning rod (4/4)
 w - a phial of floods
Comestibles
 f - 34 rations


   Skills:
 + Level 13.7 Fighting
 - Level 10.9(14.1) Short Blades
 - Level 14.8(16.0) Long Blades
 - Level 6.0 Throwing
 + Level 9.6 Armour
 + Level 12.4 Dodging
 + Level 9.6 Shields
 - Level 8.2 Invocations
 + Level 8.8 Evocations


You had 16 spell levels left.
You didn't know any spells.
Your spell library contained the following spells:

 Spells                   Type           Power        Failure   Level  Hunger
 Apportation              Tloc           #.....       83%         1    ##.....
 Beastly Appendage        Tmut           #.....       83%         1    ##.....
 Foxfire                  Conj/Fire      #...         83%         1    ##.....
 Freeze                   Ice            #...         83%         1    ##.....
 Infusion                 Chrm           #...         83%         1    ##.....
 Sting                    Tmut/Pois      #...         83%         1    ##.....
 Summon Small Mammal      Summ           #...         83%         1    ##.....
 Call Imp                 Summ           #.......     93%         2    ###....
 Poisonous Vapours        Pois/Air       #.....       93%         2    ###....
 Sticks to Snakes         Tmut           #.......     93%         2    ###....
 Call Canine Familiar     Summ           #.......     99%         3    ####...
 Confusing Touch          Hex            #.......     99%         3    ####...
 Conjure Flame            Conj/Fire      #.......     99%         3    ####...
 Frozen Ramparts          Ice            #.....       99%         3    ####...
 Gell's Gravitas          Tloc           #.........   99%         3    ####...
 Inner Flame              Hex/Fire       #.......     99%         3    ####...
 Ozocubu's Armour         Chrm/Ice       #.......     99%         3    ####...
 Spider Form              Tmut/Pois      #.........   99%         3    ####...
 Summon Guardian Golem    Hex/Summ       #.......     99%         3    ####...
 Cause Fear               Hex            #.........   100%        4    #####..
 Hailstorm                Conj/Ice       #.......     100%        4    #####..
 Ice Form                 Ice/Tmut       #.......     100%        4    #####..
 Petrify                  Tmut/Erth      #.......     100%        4    #####..
 Sticky Flame             Conj/Fire      #.......     100%        4    #####..
 Summon Ice Beast         Ice/Summ       #.......     100%        4    #####..
 Summon Lightning Spire   Summ/Air       #.......     100%        4    #####..
 Alistair's Intoxication  Tmut/Pois      #.......     100%        5    ######.
 Aura of Abjuration       Summ           #.........   100%        5    ######.
 Blade Hands              Tmut           #.........   100%        5    ######.
 Fireball                 Conj/Fire      #.........   100%        5    ######.
 Irradiate                Conj/Tmut      #.........   100%        5    ######.
 Iskenderun's Battlesphe  Conj/Chrm      #.......     100%        5    ######.
 Metabolic Englaciation   Hex/Ice        #.........   100%        5    ######.
 Silence                  Hex/Air        #.........   100%        5    ######.
 Summon Forest            Summ/Tloc      #.........   100%        5    ######.
 Yara's Violent Unravell  Hex/Tmut       #.........   100%        5    ######.
 Deflect Missiles         Chrm/Air       #.........   100%        6    #######
 Eringya's Noxious Bog    Tmut/Pois      #.........   100%        6    #######
 Statue Form              Tmut/Erth      #........    100%        6    #######
 Controlled Blink         Tloc           N/A          100%        8    #######
 Discord                  Hex            #.........   100%        8    #######


Dungeon Overview and Level Annotations

Branches:
Dungeon (15/15)            Temple (1/1) D:5            Lair (6/6) D:10
 Shoals (1/4) Lair:4        Snake (4/4) Lair:4        Slime (5/5) Lair:5
    Orc (2/2) D:11            Elf (0/3) Orc:2        Vaults (0/5) D:14
 Depths (0/5) D:15        Ossuary (visited)

Altars:
Ashenzari
Cheibriados
Dithmenos
Elyvilon
Fedhas
Gozag
Hepliaklqana
Kikubaaqudgha
Makhleb
Nemelex Xobeh
Okawaru
Qazlal
Ru
Sif Muna
Trog
Uskayaw
Vehumet
Wu Jian
Xom
Yredelemnul
Zin
The Shining One
Beogh

Shops:
D:6 [   D:8 [   D:10 =   Orc:1 =   Orc:2 :}(*   Snake:3 [   Snake:4 *

Annotations:
Snake:3 2 transporters, dipablo's ghost, adept GnFi
Slime:5 Royal Jelly


Innate Abilities, Weirdness & Mutations

You have a pair of large antennae on your head. (SInv)
You are mostly covered in molten scales. (AC +3)
You are robust. (+10% HP)
You are mostly covered in sharp spines.
Your skin changes colour to match your surroundings (Stealth+).
You can translocate small distances at will.
You are dopey. (Int -2)
Your magical capacity is low. (-10% MP)
You passively map a small area around you.
You do not regenerate when monsters are visible.
Your muscles are strong. (Str +2)


Message History

The azure jelly barely misses you.
Okay, then.
Blink to where?
Press: ? - help, Dir - move target cursor You are very lightly contaminated with residual magic.
As you read the scroll of blinking, it crumbles to dust.
The acid blob spits acid at you. The splash of acid hits you. You resist.
* * * LOW HITPOINT WARNING * * *
You are splashed with acid!
You resist.
* * * LOW HITPOINT WARNING * * *
The acid blob spits acid at you.
The splash of acid hits you but does no damage.
The acid corrodes you!
You are splashed with acid.
You resist.
* * * LOW HITPOINT WARNING * * *
You feel yourself speed up.
You feel like a meek peon again. The acid blob spits acid at you.
The splash of acid hits you. You resist.
You die...

###....#.###.....
##................
##.................
#..................
#..................
#..................
####.....^............
####....<................
##.......@................
##.........................
#........J.................
## #.....................
...
#.###......J.J..........
##..##....JJ...........# ,
#.#.....J.............##
##.#....JJ..J.......###
#.........J.........# *


You could see the Royal Jelly, 4 acid blobs and 4 azure jellies.

Vanquished Creatures
  Rupert (D:12)
  7 acid blobs
  Frances (D:12)
  An azure jelly (Slime:3)
  6 nagarajas (Snake:4)
  Aizul (Snake:3)
  Roxanne (Snake:3)
  Louise (Snake:3)
  2 entropy weavers (Lair:6)
  A death ooze (Slime:5)
  Snorg (Lair:3)
  A fire dragon (D:15)
  The ghost of waywinkle the Destroyer, a journeyman DrFE of Vehumet (D:10)
  An ice dragon (shapeshifter) (D:8)
  6 hydras
  4 great orbs of eyes (Slime:5)
  7 naga warriors
  6 centaur warriors
  An ice dragon (D:15)
  A catoblepas (Lair:5)
  2 death knights
  25 two-headed ogres
  6 anacondas
  6 ogre magi
  4 tengu warriors
  A queen ant (Lair:6)
  Urug (Lair:2)
  16 naga sharpshooters
  3 shock serpents
  Nergalle (D:12)
  A salamander mystic (Snake:2)
  2 sea snakes (Shoals:1)
  3 unseen horrors
  8 naga ritualists
  A wolf spider zombie (D:15)
  2 deep elf magi
  9 mana vipers
  2 orc knights
  7 ugly things
  2 shining eyes
  A manticore (Shoals:1)
  2 oklob plants (Lair:5)
  4 cyclopes
  4 salamanders
  Maurice (D:11)
  10 elephants
  A water nymph (Shoals:1)
  31 black mambas
  An eye of devastation (shapeshifter) (D:9)
  21 naga magi
  2 eyes of devastation
  2 gargoyles (D:14)
  5 spiny frogs
  Maggie (Lair:2)
  4 komodo dragons
  2 freezing wraiths (D:15)
  4 yaktaurs (D:14)
  3 tengu conjurers (D:14)
  7 polar bears
  A queen bee (shapeshifter) (D:14)
  5 trolls
  A merfolk (Shoals:1)
  9 hornets
  51 slime creatures
  3 meliai (D:13)
  16 blink frogs
  11 hippogriffs
  A dream sheep (Lair:6)
  4 snapping turtles (Shoals:1)
  2 wyverns (D:11)
  Sigmund (D:3)
  16 spriggans
  2 shadows
  2 wraiths
  10 golden eyes (Slime:5)
  Eustachio (D:5)
  37 yaks
  5 basilisks
  2 humans (D:9)
  6 hungry ghosts
  The ghost of Remcycle the Poker, an amateur MfSk (D:4)
  A steam dragon (D:14)
  27 nagas
  Edmund (D:4)
  25 soldier ants
  8 water moccasins
  9 porcupines
  4 sky beasts
  29 orc warriors
  3 black bears
  3 eyes of draining
  A hornet zombie (D:14)
  4 ice beasts
  39 ogres
  33 wolves
  3 boggarts (Lair:6)
  19 centaurs
  5 necrophages (D:11)
  3 phantoms
  8 crocodiles
  5 big kobolds
  32 bullfrogs
  3 gnoll sergeants (D:11)
  2 wyvern zombies (D:11)
  A wyvern skeleton (D:7)
  6 scorpions
  A water moccasin zombie (D:5)
  2 water moccasin skeletons
  12 jellies
  11 killer bees
  3 howler monkeys (D:7)
  4 wights
  8 crimson imps
  6 centaur zombies
  2 bullfrog zombies
  3 hounds
  2 quasits
  18 orc priests
  A water moccasin simulacrum (D:4)
  3 centaur skeletons
  An iguana (D:7)
  Terence (D:2)
  23 orc wizards
  24 worker ants
  3 hell rats (D:7)
  A killer bee zombie (D:7)
  A big kobold zombie (Ossuary)
  2 hound zombies
  A hound skeleton (D:10)
  8 mummies (Ossuary)
  Robin (D:4)
  6 gnolls
  14 adders
  4 river rats (D:7)
  4 shadow imps
  A white imp (D:4)
  An ooze (D:4)
  3 adder skeletons
  4 worms
  2 dart slugs
  2 adder simulacra (D:4)
  2 leopard geckos
  106 orcs
  3 giant cockroaches
  3 gnoll zombies (Ossuary)
  14 goblins
  5 hobgoblins
  8 jackals
  13 kobolds
  A quokka (D:3)
  7 bats
  6 frilled lizards
  A giant cockroach zombie (D:6)
  A hobgoblin zombie (Ossuary)
  A jackal skeleton (D:6)
  3 kobold zombies (Ossuary)
  2 leopard gecko skeletons
  A leopard gecko zombie (D:6)
  2 quokka simulacra (D:4)
  22 rats
  A fungus (Lair:6)
  5 plants
1110 creatures vanquished.

Vanquished Creatures (collateral kills)
  A naga (Snake:4)
1 creature vanquished.

Vanquished Creatures (others)
  A naga (Snake:2)
  2 bushes (D:11)
  8 fungi
  17 plants
28 creatures vanquished.

Grand Total: 1139 creatures vanquished

Notes
Turn   | Place    | Note
-------+----------+-------------------------------------------
     0 | D:1      | Faels the Demonspawn Fighter began the quest for the Orb.
     0 | D:1      | Reached XP level 1. HP: 18/18 MP: 1/1
     3 | D:1      | Noticed an electric eel
   141 | D:1      | Reached skill level 2 in Long Blades
   215 | D:1      | You fall into a shaft and drop 1 floor!
   217 | D:2      | Gained mutation: You are partially covered in sharp spines.
                  | [demonic ancestry]
   217 | D:2      | Reached XP level 2. HP: 24/24 MP: 2/2
   254 | D:2      | Found a radiant altar of Vehumet.
   754 | D:2      | Noticed Terence
   773 | D:2      | Killed Terence
   773 | D:2      | Reached skill level 1 in Dodging
   773 | D:2      | Reached XP level 3. HP: 22/29 MP: 3/3
   924 | D:2      | Reached skill level 3 in Long Blades
  1360 | D:3      | Reached XP level 4. HP: 35/35 MP: 4/4
  1631 | D:3      | Noticed Sigmund
  1633 | D:3      | Gained mutation: You are partially covered in molten
                  | scales. (AC +2) [demonic ancestry]
  1633 | D:3      | Reached XP level 5. HP: 41/42 MP: 5/5
  1642 | D:3      | Killed Sigmund
  1642 | D:3      | Reached skill level 4 in Long Blades
  1642 | D:3      | Reached XP level 6. HP: 32/48 MP: 2/6
  2161 | D:4      | Found a runed translucent gate.
  2161 | D:4      | Found a runed translucent gate.
  2164 | D:4      | Found a runed translucent gate.
  2194 | D:4      | Noticed Robin
  2215 | D:4      | Killed Robin
  2259 | D:4      | Noticed Remcycle's ghost (amateur MfSk)
  2402 | D:4      | Reached skill level 5 in Long Blades
  2526 | D:4      | Reached XP level 7. HP: 53/55 MP: 7/7
  2619 | D:4      | Reached skill level 1 in Throwing
  2788 | D:4      | Found a glowing silver altar of Zin.
  2889 | D:4      | Reached skill level 5 in Fighting
  3412 | D:5      | Entered Level 5 of the Dungeon
  3453 | D:5      | Reached skill level 6 in Long Blades
  3453 | D:5      | Gained mutation: You are mostly covered in molten scales.
                  | (AC +3) [demonic ancestry]
  3453 | D:5      | Reached XP level 8. HP: 49/62 MP: 8/8
  3502 | D:5      | Found a sand-covered staircase.
  3508 | Ossuary  | Entered an ossuary
  3933 | D:5      | Noticed Edmund
  3974 | D:4      | Killed Edmund
  4492 | D:5      | Noticed Eustachio
  4528 | D:5      | Killed Eustachio
  4679 | D:5      | Found a staircase to the Ecumenical Temple.
  4697 | Temple   | Entered the Ecumenical Temple
  5003 | D:6      | Got a wavering pewter ring
  5005 | D:6      | Identified the ring "Girph" {*Tele MR+ Str+4 Dex+4} (You
                  | found it on level 6 of the Dungeon)
  5033 | D:6      | Reached skill level 7 in Long Blades
  5064 | D:6      | Found Jempiv's Antique Armour Shop.
  5086 | D:6      | Bought a pair of embroidered boots for 210 gold pieces
  5086 | D:6      | Bought a pair of ichor-stained gloves for 266 gold pieces
  5091 | D:6      | Identified the cursed +0 pair of gloves "Deexoass" {Dex+3}
                  | (You bought it in a shop on level 6 of the Dungeon)
  5132 | D:6      | Found a basalt altar of Yredelemnul.
  5197 | D:6      | Gained mutation: You are mostly covered in sharp spines.
                  | [demonic ancestry]
  5197 | D:6      | Reached XP level 9. HP: 69/69 MP: 9/9
  5401 | D:6      | Reached skill level 5 in Dodging
  5404 | D:6      | Found an ancient bone altar of Kikubaaqudgha.
  5528 | D:6      | Reached skill level 8 in Long Blades
  6334 | D:7      | Found the +2 ratskin cloak {+Rats rPois rN+ Str-1 Int-1
                  | Dex+1}
  6618 | D:7      | Reached skill level 9 in Long Blades
  6618 | D:7      | Reached skill level 1 in Evocations
  6782 | D:7      | Gained mutation: You have a pair of small antennae on your
                  | head. [demonic ancestry]
  6782 | D:7      | Reached XP level 10. HP: 77/79 MP: 11/11
  7173 | D:7      | Found a shimmering blue altar of Sif Muna.
  7174 | D:7      | Found a hazy altar of Hepliaklqana.
  7176 | D:7      | Found a blossoming altar of Fedhas.
  7335 | D:8      | Found Loappask's Antique Armour Shop.
  7580 | D:8      | Paralysed by a hornet for 2 turns
  7812 | D:8      | Noticed a deep elf mage
  7821 | D:8      | Killed a deep elf mage
  8446 | D:9      | Noticed a death knight
  8543 | D:9      | Noticed an eye of devastation
  8644 | D:9      | Killed an eye of devastation
  8644 | D:9      | Reached skill level 10 in Long Blades
  8664 | D:9      | Noticed a lindwurm
  9066 | D:9      | Noticed a centaur warrior
  9082 | D:9      | Killed a centaur warrior
  9083 | D:9      | Noticed an alligator
  9095 | D:9      | Noticed a great orb of eyes
  9095 | D:9      | an alligator changed into a great orb of eyes
  9098 | D:9      | Paralysed by a great orb of eyes for 5 turns
  9321 | D:8      | Noticed an ice dragon
  9321 | D:8      | a great orb of eyes changed into an ice dragon
  9334 | D:8      | HP: 3/82 [ice dragon (shapeshifter)/blast of cold (23)]
  9339 | D:8      | Killed an ice dragon
  9339 | D:8      | Reached XP level 11. HP: 5/87 MP: 0/14
  9793 | D:9      | Killed a death knight
 10418 | D:9      | Found an iron altar of Okawaru.
 10426 | D:9      | Became a worshipper of Warmaster Okawaru
 10699 | D:4      | Killed Remcycle's ghost
 10985 | D:10     | Entered Level 10 of the Dungeon
 11107 | D:10     | Reached skill level 5 in Evocations
 11176 | D:10     | Reached skill level 11 in Long Blades
 11231 | D:10     | Reached * piety under Okawaru
 11239 | D:10     | Found a staircase to the Lair.
 11391 | D:10     | Found a runed translucent door.
 11392 | D:10     | Noticed waywinkle's ghost (journeyman DrFE)
 11425 | D:10     | Killed waywinkle's ghost
 11724 | D:8      | Bought a distressingly furry chain mail for 285 gold pieces
 11734 | D:8      | Identified the +2 chain mail of the Pink Corner {+Blink
                  | rElec rN+} (You bought it in a shop on level 8 of the
                  | Dungeon)
 11866 | D:10     | Reached ** piety under Okawaru
 11947 | D:10     | Found Otel's Jewellery Emporium.
 12469 | D:10     | Found a roughly hewn altar of Beogh.
 13061 | D:11     | Found a blossoming altar of Fedhas.
 13151 | D:11     | Reached *** piety under Okawaru
 13424 | D:11     | Noticed Maurice
 13429 | D:11     | Killed Maurice
 13596 | D:11     | Reached XP level 12. HP: 67/96 MP: 2/16
 13636 | D:11     | Noticed an ogre mage
 13642 | D:11     | Noticed a two-headed ogre
 13645 | D:11     | Noticed a two-headed ogre
 13652 | D:11     | Killed an ogre mage
 13652 | D:11     | Reached **** piety under Okawaru
 13652 | D:11     | Reached skill level 12 in Long Blades
 13858 | Lair:1   | Entered Level 1 of the Lair of Beasts
 14146 | Lair:1   | Upgraded the game from 0.25-a0-555-gc801180 to
                  | 0.25-a0-558-g78a2afb
 14294 | Lair:1   | Reached skill level 10 in Fighting
 14312 | Lair:1   | Received a gift from Okawaru
 14453 | Lair:1   | Gained mutation: Your skin changes colour to match your
                  | surroundings (Stealth+). [potion of mutation]
 14453 | Lair:1   | Gained mutation: You have sharp toenails. [potion of
                  | mutation]
 14453 | Lair:1   | Gained mutation: You are agile. (Dex +2) [potion of
                  | mutation]
 15234 | Lair:2   | Identified a scroll of acquirement
 15235 | Lair:2   | Identified the ring of Kuvug {MR+ MP+9 EV+1 Dex+3 Stlth-}
                  | (You acquired it on level 2 of the Lair of Beasts)
 15477 | Lair:2   | Reached ***** piety under Okawaru
 15513 | Lair:2   | Reached skill level 13 in Long Blades
 15527 | Lair:2   | Noticed an eight-headed hydra
 15529 | Lair:2   | Noticed Maggie
 15537 | Lair:2   | Killed a ten-headed hydra
 15539 | Lair:2   | Received a gift from Okawaru
 15545 | Lair:2   | Killed Maggie
 16088 | Lair:3   | Noticed Urug
 16098 | Lair:2   | Killed Urug
 16160 | Lair:3   | Noticed a four-headed hydra
 16539 | D:11     | Reached skill level 14 in Long Blades
 16539 | D:11     | Gained mutation: You have a pair of antennae on your head.
                  | [demonic ancestry]
 16539 | D:11     | Reached XP level 13. HP: 102/102 MP: 18/18
 16559 | D:11     | Found a staircase to the Orcish Mines.
 17166 | D:11     | Received a gift from Okawaru
 17167 | D:11     | Found the +8 arc blade {discharge, rElec}
 17187 | D:11     | Reached skill level 1 in Short Blades
 17391 | D:12     | Noticed Rupert
 17489 | Lair:3   | Found the +4 skin of Zhor {Englaciate rC+++ SInv}
 17510 | Lair:3   | Noticed Snorg
 17522 | Lair:3   | Killed Snorg
 18303 | Lair:3   | Identified Sif Muna's Tome of the Nocuous Escort
 18812 | Lair:1   | Lost mutation: You are agile. (Dex +2) [potion of mutation]
 18812 | Lair:1   | Lost mutation: You have sharp toenails. [potion of
                  | mutation]
 18812 | Lair:1   | Gained mutation: You have large cloven feet. [potion of
                  | mutation]
 18812 | Lair:1   | Gained mutation: You are robust. (+10% HP) [potion of
                  | mutation]
 18812 | Lair:1   | Gained mutation: Armour fits poorly on your strangely
                  | shaped body. [potion of mutation]
 18812 | Lair:1   | Gained mutation: Your spells are a little harder to cast,
                  | but a little more powerful. [potion of mutation]
 18813 | Lair:1   | Lost mutation: You are robust. (+10% HP) [potion of
                  | mutation]
 18813 | Lair:1   | Lost mutation: Your spells are a little harder to cast, but
                  | a little more powerful. [potion of mutation]
 18813 | Lair:1   | Lost mutation: You have large cloven feet. [potion of
                  | mutation]
 18813 | Lair:1   | Gained mutation: You passively map a small area around you.
                  | [potion of mutation]
 18813 | Lair:1   | Gained mutation: You are robust. (+10% HP) [potion of
                  | mutation]
 18813 | Lair:1   | Gained mutation: Your muscles are strong. (Str +2) [potion
                  | of mutation]
 18858 | Lair:3   | Lost mutation: Armour fits poorly on your strangely shaped
                  | body. [potion of mutation]
 18858 | Lair:3   | Lost mutation: You are robust. (+10% HP) [potion of
                  | mutation]
 18858 | Lair:3   | Gained mutation: You are dopey. (Int -2) [potion of
                  | mutation]
 18858 | Lair:3   | Gained mutation: You can translocate small distances at
                  | will. [potion of mutation]
 19104 | Lair:4   | Reached skill level 5 in Short Blades
 19220 | Lair:4   | Found a staircase to the Snake Pit.
 19772 | Lair:4   | Found a staircase to the Shoals.
 20826 | Lair:5   | Found a staircase to the Slime Pits.
 20832 | Lair:5   | Reached ****** piety under Okawaru
 20941 | Lair:5   | Received a gift from Okawaru
 21543 | Lair:6   | Entered Level 6 of the Lair of Beasts
 21773 | Lair:6   | Noticed an entropy weaver
 21773 | Lair:6   | Noticed an entropy weaver
 21785 | Lair:6   | Killed an entropy weaver
 21785 | Lair:6   | Gained mutation: You are robust. (+10% HP) [demonic
                  | ancestry]
 21785 | Lair:6   | Reached XP level 14. HP: 83/120 MP: 16/19
 22303 | Lair:6   | Reached skill level 10 in Short Blades
 22357 | Lair:6   | Received a gift from Okawaru
 22358 | Lair:6   | Got a pair of twisted gloves {god gift}
 22369 | Lair:6   | Identified the +0 pair of gloves of the Griffon {rPois}
                  | (Okawaru gifted it to you on level 6 of the Lair of Beasts)
 22795 | Lair:6   | Reached skill level 1 in Invocations
 23299 | Lair:6   | Got a bloodstained falchion
 23399 | Lair:6   | Killed an entropy weaver
 23903 | D:10     | Bought the ring "Pawen" {+Inv rC+ rN+ Dex+3 Stlth-} for 769
                  | gold pieces
 23906 | D:10     | Identified the +9 falchion "Qusucroc" {drain, rF+} (You
                  | found it on level 6 of the Lair of Beasts)
 23956 | Orc:1    | Entered Level 1 of the Orcish Mines
 23969 | Orc:1    | Received a gift from Okawaru
 23999 | Orc:1    | Found Qoggois's Jewellery Emporium.
 24256 | Orc:1    | Found a runed translucent door.
 24358 | Orc:1    | Found a roughly hewn altar of Beogh.
 24588 | Orc:2    | Entered Level 2 of the Orcish Mines
 24598 | Orc:2    | Found a staircase to the Elven Halls.
 24931 | Orc:2    | Found Ryxacul's Assorted Antiques.
 24931 | Orc:2    | Found Cybleemn's Gadget Boutique.
 24931 | Orc:2    | Found Hicoid's Antique Weapon Boutique.
 24931 | Orc:2    | Found Secut's Book Shoppe.
 24952 | Orc:2    | Received a gift from Okawaru
 24978 | Orc:2    | Received a gift from Okawaru
 24978 | Orc:2    | Reached skill level 5 in Invocations
 25210 | Orc:1    | Received a gift from Okawaru
 25210 | Orc:1    | Reached XP level 15. HP: 33/128 MP: 5/20
 25810 | Orc:2    | Reached skill level 5 in Armour
 25810 | Orc:2    | Reached skill level 5 in Shields
 26679 | Orc:2    | Bought a scroll of teleportation for 72 gold pieces
 26679 | Orc:2    | Bought a scroll of magic mapping for 84 gold pieces
 26679 | Orc:2    | Bought a potion of curing for 72 gold pieces
 26679 | Orc:2    | Bought a wooden wand for 96 gold pieces
 26684 | Orc:2    | Bought a phial of floods for 480 gold pieces
 26749 | D:11     | Reached skill level 10 in Dodging
 26800 | D:12     | Received a gift from Okawaru
 26808 | D:12     | Got a pitted great sword {god gift}
 26899 | D:12     | Paralysed by Rupert for 4 turns
 26920 | D:12     | Paralysed by Rupert for 5 turns
 26945 | D:12     | Killed Rupert
 27102 | D:12     | Noticed Nergalle
 27107 | D:12     | Killed Nergalle
 27497 | D:12     | Noticed Frances
 27523 | D:12     | Killed Frances
 29198 | Snake:1  | Entered Level 1 of the Snake Pit
 29645 | Snake:1  | Received a gift from Okawaru
 29648 | Snake:1  | Got a faintly glowing executioner's axe {god gift}
 32138 | Snake:2  | Reached XP level 16. HP: 120/139 MP: 19/22
 32355 | Snake:2  | Received a gift from Okawaru
 32734 | Snake:3  | Found Qulepaom's Armour Boutique.
 32758 | Snake:3  | Got a transparent ring mail
 32811 | Snake:2  | Identified the +4 ring mail of Mynnerea {rElec rCorr
                  | Slay+3} (You found it on level 3 of the Snake Pit)
 33078 | Snake:3  | Noticed Aizul
 33109 | Snake:3  | Killed Aizul
 33377 | Snake:3  | Found a transporter.
 33396 | Snake:3  | Found a transporter.
 33396 | Snake:3  | Noticed dipablo's ghost (adept GnFi)
 33616 | Snake:3  | Identified Roxanne's Almanac of Transformation
 33616 | Snake:3  | Noticed Roxanne
 33634 | Snake:3  | Killed Roxanne
 33938 | Snake:3  | Noticed Louise
 33951 | Snake:3  | Killed Louise
 34148 | Snake:4  | Entered Level 4 of the Snake Pit
 34839 | Snake:4  | Paralysed by a naga mage for 4 turns
 34839 | Snake:4  | Identified the +9 short sword of Moral Flaws {vorpal, rElec
                  | Dex+5}
 34950 | Snake:4  | Found Behigey's Mass Market.
 35051 | Snake:4  | Received a gift from Okawaru
 35466 | Snake:4  | Upgraded the game from 0.25-a0-558-g78a2afb to
                  | 0.25-a0-561-g0977b4d
 35789 | Snake:4  | Reached skill level 5 in Throwing
 36282 | Snake:3  | Upgraded the game from 0.25-a0-561-g0977b4d to
                  | 0.25-a0-565-g8875c97
 36366 | Snake:4  | Received a gift from Okawaru
 37650 | Snake:4  | Received a gift from Okawaru
 37929 | Snake:4  | Got a serpentine rune of Zot
 38246 | D:13     | Gained mutation: You have a pair of large antennae on your
                  | head. (SInv) [demonic ancestry]
 38246 | D:13     | Reached XP level 17. HP: 148/148 MP: 23/23
 38655 | D:14     | Found a basalt altar of Yredelemnul.
 38729 | D:14     | Received a gift from Okawaru
 39140 | D:14     | Found a gate to the Vaults.
 39396 | D:15     | Entered Level 15 of the Dungeon
 39950 | D:15     | Found a staircase to the Depths.
 39953 | D:15     | Identified Sif Muna's Tome of the Shark
 40324 | Lair:2   | Upgraded the game from 0.25-a0-565-g8875c97 to
                  | 0.25-a0-566-g062765b
 40384 | Shoals:1 | Entered Level 1 of the Shoals
 40397 | Shoals:1 | Received a gift from Okawaru
 40402 | Shoals:1 | Got an ancient kite shield {god gift}
 40421 | Lair:4   | Identified the +0 kite shield "Liymu" {+Inv Str+5} (Okawaru
                  | gifted it to you on level 1 of the Shoals)
 40922 | Slime:1  | Entered Level 1 of the Pits of Slime
 41000 | Slime:3  | Noticed an acid blob
 41014 | Slime:3  | Killed an acid blob
 41168 | Slime:5  | Entered Level 5 of the Pits of Slime
 41212 | Slime:5  | Noticed an acid blob
 41225 | Slime:5  | Killed an acid blob
 41454 | Slime:5  | Noticed an acid blob
 41458 | Slime:5  | Noticed an acid blob
 41458 | Slime:5  | Gained mutation: Your magical capacity is low. (-10% MP) [a
                  | shining eye]
 41466 | Slime:5  | Killed an acid blob
 41474 | Slime:5  | Killed an acid blob
 41495 | Slime:4  | Gained mutation: You do not regenerate when monsters are
                  | visible. [a shining eye]
 41714 | Slime:4  | Noticed an acid blob
 41727 | Slime:4  | Killed an acid blob
 42167 | Slime:5  | Noticed the Royal Jelly
 42173 | Slime:5  | Noticed an acid blob
 42174 | Slime:5  | Noticed an acid blob
 42174 | Slime:5  | Noticed an acid blob
 42177 | Slime:5  | Noticed an acid blob
 42183 | Slime:5  | Killed an acid blob
 42185 | Slime:5  | Noticed an acid blob
 42188 | Slime:5  | Noticed an acid blob
 42189 | Slime:5  | Noticed an acid blob
 42193 | Slime:5  | Killed an acid blob
 42197 | Slime:5  | HP: 6/151 [acid[the Royal Jelly] (8)]
 42197 | Slime:5  | HP: 2/151 [acid[the Royal Jelly] (4)]
 42204 | Slime:5  | Killed from afar by an acid blob

Levels and vault maps discovered:
D:1:      arrival_aquarium_a, layout_rooms
D:2:      layout_rooms, fiery_altar_vehumet, uniq_terence
D:3:      layout_basic, first_ration, uniq_sigmund
D:4:      layout_loops_corners, zin_treasury, gammafunk_ghost_icy, uniq_robin
D:5:      layout_rooms, temple_hall, lightli_ossuary_entry_decrepit_ruins,
          uniq_edmund, uniq_eustachio
D:6:      layout_gridville, lemuel_round_altar, kiku_gazebo_garden_becter,
          serial_shops, nicolae_shop_stone, minmay_fractal_squares_5
D:7:      wander_guarded_unrand_ratskin, layout_basic, minitemple, the_bakery
D:8:      layout_basic, serial_shops, nicolae_shop_overgrown_old_shop
D:9:      layout_layer_cave, okawaru_humans, minivault_28
D:10:     layout_basic, grunt_lair_entry_orc_guard_hut, serial_shops,
          nicolae_shop_stone, gammafunk_ghost_grave, special_room
          [special_room_orc], st_stairs_13
D:11:     layout_roguey, kennysheep_orc_monster_closet_entryway,
          minmay_misc_feat_encased, fedhas_altar_decomposition, uniq_maurice
D:12:     layout_basic, uniq_frances, uniq_nergalle, uniq_rupert
D:13:     layout_long_grid, eino_jars
D:14:     layout_basic, hangedman_vaults_entry_quadrant_bands, basic_altar,
          hangedman_decor_riveting, minivault_11
D:15:     grunt_enter_depths_hoard, layout_rooms
Temple:   zaba_magenta_temple
Lair:1:   layout_chaotic_city
Lair:2:   layout_hall_layers, beast_lair_carwin_8, uniq_maggie
Lair:3:   layout_small_grid, uniq_urug, uniq_snorg
Lair:4:   layout_cave_pods, shoals_dummy_entry, dummy_snake_entry, minmay_holes
Lair:5:   layout_roguey, minmay_slime_entry_oklob_open, serial_bayou_shore_b
Lair:6:   minmay_lair_end_enchanted_forest, layout_gridlike, minivault_29,
          grunt_megastairs_3, lemuel_fruit_tree
Shoals:1: layout_shoals
Snake:1:  layout_misc_corridors
Snake:2:  layout_gridlike, grunt_megastairs_1
Snake:3:  layout_cave_town, serial_shops, nicolae_shop_trees,
          gammafunk_ghost_arena, uniq_roxanne, uniq_louise, uniq_aizul
Snake:4:  snake_pit, layout_cave_town, grunt_ministairs_13, minmay_shop_mass,
          serial_bayou_pond_c
Slime:1:  layout_caves
Slime:2:  layout_caves, nicolae_slime_ancient_tower_intersection,
          uniq_dissolution
Slime:3:  layout_caves, nicolae_slime_welcoming_committee
Slime:4:  layout_caves, cheibrodos_slime_lost_civilization_6
Slime:5
Orc:1:    layout_caves, serial_shops, nicolae_shop_waterfront,
          lightli_church_of_beogh
Orc:2:    st_orc_ogre_mass, layout_caves

Skill      XL: |  1  2  3  4  5  6  7  8  9 10 11 12 13 14 15 16 17 |
---------------+----------------------------------------------------+-----
Long Blades    | 2 3 4 5 6 7 9 10 11 14 | 14.8
Dodging        | 1 2 3 4 6 7 8 9 10 11 12 | 12.4
Fighting       | 4 5 6 7 8 9 10 11 12 13 | 13.7
Throwing       | 2 3 5 6 |  6.0
Evocations     | 1 4 6 7 8 |  8.8
Short Blades   | 9 10 | 10.9
Invocations    | 5 8 |  8.2
Shields        | 4 6 8 9 |  9.6
Armour         | 4 6 8 9 |  9.6

Action                   |  1- 3 |  4- 6 |  7- 9 | 10-12 | 13-15 | 16-18 || total
-------------------------+-------+-------+-------+-------+-------+-------++-------
Melee: Long sword        |   114 |   139 |   402 |   743 |       |       ||  1398
       Double sword      |       |       |       |   100 |    40 |    14 ||   154
       Kick              |       |       |       |    82 |    28 |       ||   110
       Rapier            |       |       |       |       |  1064 |   957 ||  2021
Throw: Boomerang         |       |     4 |    45 |    11 |       |       ||    60
       Javelin           |       |       |       |     7 |     4 |    20 ||    31
Invok: Heroism           |       |       |       |     5 |     8 |     8 ||    21
       Finesse           |       |       |       |       |     8 |     9 ||    17
 Abil: Evoke Invisibilit |       |       |       |       |     3 |     1 ||     4
       Blink             |       |       |       |       |       |     1 ||     1
       Evoke Berserk Rag |       |       |       |       |       |     2 ||     2
Evoke: Wand              |       |       |       |    10 |     1 |     3 ||    14
       Lightning rod     |       |       |       |       |     6 |     3 ||     9
       Phial of floods   |       |       |       |       |     1 |     1 ||     2
  Use: Scroll            |     8 |       |    12 |    17 |    15 |     7 ||    59
       Potion            |       |     1 |       |     9 |     5 |    11 ||    26
 Stab: Invisible         |       |       |       |       |     7 |     3 ||    10
       Distracted        |       |       |       |       |       |     2 ||     2
  Eat: Chunk             |     4 |     4 |    11 |    23 |    29 |     6 ||    77
       Ration            |       |       |     1 |     4 |     7 |     8 ||    20
Armor: Scale mail        |    56 |    42 |   139 |   128 |       |       ||   365
       Chain mail        |       |       |       |   178 |   288 |    10 ||   476
       Ring mail         |       |       |       |       |       |   104 ||   104
Dodge: Dodged            |    31 |    40 |   123 |   288 |   311 |   352 ||  1145
Block: Kite shield       |    67 |    45 |   153 |   358 |   489 |   458 ||  1570
       Rpst.: Long sword |     9 |    13 |    34 |    65 |       |       ||   121
       Double sword      |       |       |       |    12 |     3 |       ||    15

Table legend:
 A = Non-vault XP
 B = Vault XP
 C = Vault XP percentage of total XP
 D = Non-vault monster count
 E = Vault monster count
 F = Vault count percentage of total count
                 A         B        C        D         E       F
            +---------+---------+-------+---------+---------+-------
      Total |  160243 |  121353 |  43.1 |     711 |     391 |  35.5
            +---------+---------+-------+---------+---------+-------
        D:1 |      18 |       0 |   0.0 |      12 |       0 |   0.0
        D:2 |      28 |      36 |  56.2 |      15 |       1 |   6.2
        D:3 |     205 |     227 |  52.5 |      37 |       1 |   2.6
        D:4 |     688 |     425 |  38.2 |      21 |      19 |  47.5
        D:5 |     431 |     196 |  31.3 |      12 |       1 |   7.7
        D:6 |    1450 |     388 |  21.1 |      27 |       6 |  18.2
        D:7 |    1431 |     389 |  21.4 |      30 |      22 |  42.3
        D:8 |    1548 |    1217 |  44.0 |      19 |       2 |   9.5
        D:9 |     964 |    4070 |  80.9 |      18 |      13 |  41.9
       D:10 |    3241 |    2251 |  41.0 |      33 |      31 |  48.4
       D:11 |    9272 |    3230 |  25.8 |      36 |      29 |  44.6
       D:12 |    5189 |    6033 |  53.8 |      28 |       3 |   9.7
       D:13 |    8049 |    1004 |  11.1 |      21 |       5 |  19.2
       D:14 |    9284 |    7245 |  43.8 |      25 |      18 |  41.9
       D:15 |    7369 |    2029 |  21.6 |      31 |       2 |   6.1
     Lair:1 |    3456 |       0 |   0.0 |      16 |       0 |   0.0
     Lair:2 |    7002 |    2676 |  27.7 |      27 |      10 |  27.0
     Lair:3 |    3708 |    1090 |  22.7 |      15 |       1 |   6.2
     Lair:4 |    3411 |       0 |   0.0 |      13 |       0 |   0.0
     Lair:5 |    9105 |    1177 |  11.4 |      34 |       3 |   8.1
     Lair:6 |    8789 |   17858 |  67.0 |      28 |      91 |  76.5
   Shoals:1 |    3748 |       0 |   0.0 |       9 |       0 |   0.0
    Snake:1 |    9429 |       0 |   0.0 |      18 |       0 |   0.0
    Snake:2 |   10679 |    1981 |  15.6 |      18 |       4 |  18.2
    Snake:3 |    8109 |    5784 |  41.6 |      19 |       5 |  20.8
    Snake:4 |   12853 |   34124 |  72.6 |      27 |      46 |  63.0
    Slime:1 |    1320 |       0 |   0.0 |       5 |       0 |   0.0
    Slime:2 |    1061 |       0 |   0.0 |       4 |       0 |   0.0
    Slime:3 |    4987 |     299 |   5.7 |       4 |       7 |  63.6
    Slime:4 |    5127 |       0 |   0.0 |      10 |       0 |   0.0
    Slime:5 |   16018 |    5849 |  26.7 |      45 |       3 |   6.2
      Orc:1 |    1406 |    5359 |  79.2 |      35 |      15 |  30.0
      Orc:2 |     868 |   16239 |  94.9 |      19 |      37 |  66.1
    Ossuary |       0 |     177 | 100.0 |       0 |      16 | 100.0
            +---------+---------+-------+---------+---------+-------
